Map: Usina Ácida LE

Players

Anibal

  • Race: Protoss Protoss
  • League: Platinum
  • Spawn Location: 11:00

DakkoN - Winner!

  • Race: Protoss Protoss
  • League: Platinum
  • Spawn Location: 5:00

VOD

Have the link to the VOD?

Description

Time

  • Played on: May 9, 2018, 6:32 p.m.
  • Length: 12:19
Show
View Real Time Build Order
Export as new Build Order

Anibal Protoss 

Build Orders:  

Get SALT Encoding   

  12  0:01  Probe  
  13  0:13  Probe  
  14  0:19  Pylon  
  14  0:25  Probe  
  15  0:35  Probe  
  15  0:40  Gateway  
  16  0:43  Probe  
  16  0:48  Assimilator  
  17  0:51  Probe  
  18  0:58  Assimilator  
  18  1:03  Probe  
  19  1:11  Gateway  
  19  1:16  Probe  
  20  1:25  Probe  
  20  1:27  Cybernetics Core  
  21  1:34  Probe  
  22  1:40  Pylon  
  22  1:51  Probe  
  22  1:53  Warp Gate  
  23  2:03  Probe  
  23  2:04  Stalker  
  23  2:05  Stalker  
  28  2:21  Pylon  
  27  2:38  Sentry x2  
  31  2:47  Gateway  
  31  3:02  Shield Battery  
  31  3:05  Robotics Facility  
  27  3:21  Probe  
  27  3:29  Sentry  
  27  3:30  Nexus  
  27  3:31  Sentry  
  31  3:42  Shield Battery  
  31  3:51  Immortal  
  35  3:59  Pylon  
  35  4:09  Probe  
  36  4:14  Stalker  
  38  4:18  Sentry  
  38  4:21  Probe  
  41  4:25  Warp Prism  
  41  4:26  Pylon  
  43  4:40  Shield Battery  
  43  4:45  Sentry  
  45  4:55  Stalker  
  47  5:05  Stalker  
  49  5:10  Stalker  
  51  5:15  Pylon, Probe  
  50  5:30  Warp Prism  
  50  5:32  Zealot x2  
  36  5:54  Sentry  
  36  5:55  Twilight Council  
  36  5:56  Stalker  
  40  6:00  Probe  
  40  6:04  Probe  
  40  6:05  Shield Battery  
  40  6:09  Probe  
  42  6:16  Probe  
  42  6:18  Adept x2  
  46  6:19  Probe  
  46  6:21  Observer  
  49  6:27  Forge  
  49  6:28  Probe  
  51  6:34  Probe  
  51  6:37  Assimilator  
  51  6:39  Observer  
  52  6:40  Probe  
  52  6:46  Stalker x2  
  52  7:05  Probe x2  
  52  7:08  Protoss Ground Weapons Level 1  
  47  7:17  Probe x2  
  46  7:28  Stalker  
  46  7:29  Stalker  
  49  7:30  Stalker  
  49  7:34  Probe x2  
  53  7:46  Probe x2  
  53  7:51  Assimilator  
  55  7:58  Probe  
  56  7:59  Resonating Glaives  
  56  8:01  Probe  
  56  8:04  Adept x2  
  61  8:10  Probe  
  62  8:14  Probe  
  63  8:20  Templar Archives  
  63  8:22  Probe  
  63  8:26  Probe  
  65  8:32  Pylon  
  65  8:42  Observer  
  65  8:48  Gateway  
  65  8:49  Probe  
  65  8:51  Pylon  
  65  8:52  Probe  
  65  8:53  Gateway  
  67  8:57  Probe  
  68  9:04  Probe, Immortal  
  68  9:08  Protoss Ground Weapons Level 2  
  73  9:23  Shield Battery  
  73  9:25  Probe x2  
  73  9:28  High Templar  
  73  9:29  High Templar  
  79  9:37  Archon  
  79  9:44  Probe x2  
  81  9:50  High Templar  
  83  9:54  High Templar  
  83  9:55  Charge  
  83  9:58  Archon  
  83  10:05  High Templar  
  83  10:06  High Templar  
  74  10:19  Archon  
  74  10:20  Nexus  
  66  10:21  Pylon  
  66  10:22  Probe x2  
  66  10:24  Pylon  
  65  10:32  Adept x2  
  65  10:34  Probe x2  
  71  10:46  Probe  
  71  10:47  Probe  
  71  10:49  Observer  
  74  11:01  Photon Cannon  
  74  11:03  Warp Prism  
  74  11:04  Photon Cannon  
  74  11:05  Zealot x2  
  80  11:23  Probe x2  
  81  11:40  Zealot x4  
  86  12:01  Stalker x3  
  46  12:11  Zealot  
  46  12:12  Zealot  
Show
View Real Time Build Order
Export as new Build Order

DakkoN Protoss - Winner!

Build Orders: Phoenix Opening, Zealot Archon 

Get SALT Encoding   

  12  0:00  Probe  
  13  0:13  Probe  
  14  0:17  Pylon  
  14  0:24  Probe  
  15  0:32  Probe  
  15  0:40  Probe, Gateway  
  17  0:54  Gateway  
  17  0:57  Probe  
  17  1:00  Assimilator  
  18  1:09  Probe  
  19  1:14  Assimilator  
  19  1:21  Probe  
  19  1:23  Pylon  
  20  1:29  Cybernetics Core  
  20  1:33  Probe  
  21  1:45  Probe  
  22  1:57  Adept  
  22  1:58  Probe, Adept  
  23  2:07  Warp Gate  
  27  2:11  Shield Battery  
  27  2:14  Probe  
  28  2:17  Pylon  
  28  2:22  Adept  
  30  2:35  Adept  
  32  2:42  Stargate  
  30  3:26  Stalker x2  
  32  3:28  Phoenix  
  32  3:32  Probe  
  34  3:37  Pylon  
  34  3:40  Probe  
  34  3:56  Probe  
  34  3:57  Phoenix  
  34  3:58  Nexus  
  35  4:05  Shield Battery  
  35  4:14  Zealot  
  35  4:15  Zealot  
  39  4:18  Probe  
  39  4:19  Phoenix  
  42  4:29  Pylon  
  42  4:30  Probe  
  43  4:36  Zealot  
  43  4:37  Phoenix  
  47  4:51  Twilight Council  
  47  4:59  Zealot  
  49  5:03  Phoenix, Zealot  
  53  5:16  Probe  
  54  5:26  Charge  
  40  5:43  Zealot x2  
  40  5:48  Probe x2  
  46  5:52  Phoenix  
  48  6:00  Assimilator x2, Probe  
  48  6:01  Probe  
  50  6:05  Zealot x2  
  50  6:09  Phoenix  
  54  6:13  Probe x2  
  58  6:26  Zealot  
  58  6:27  Zealot  
  58  6:32  Probe x2  
  64  6:35  Templar Archives  
  64  6:44  Probe x2  
  66  6:56  Probe  
  67  7:28  Zealot  
  69  7:34  Pylon  
  69  7:40  Pylon x2  
  69  7:41  Pylon  
  69  7:43  Gateway  
  69  7:46  Gateway  
  69  7:49  Gateway  
  69  7:52  Phoenix  
  69  7:55  High Templar x2  
  75  7:59  Archon  
  75  8:06  Gateway  
  75  8:08  Gateway  
  75  8:09  Gateway  
  75  8:17  Phoenix, Shield Battery  
  75  8:19  Shield Battery  
  77  8:26  High Templar  
  79  8:27  High Templar  
  79  8:32  Archon  
  81  8:36  Robotics Facility  
  81  8:40  High Templar  
  83  8:42  High Templar  
  83  8:47  Archon  
  85  8:51  High Templar x2  
  89  8:58  Zealot  
  89  8:59  Archon  
  89  9:00  Phoenix  
  93  9:04  Zealot x2  
  93  9:05  Zealot  
  99  9:15  Forge  
  99  9:16  Zealot  
  101  9:22  Pylon  
  101  9:24  Pylon  
  101  9:27  Observer  
  101  9:30  Pylon  
  102  9:40  Probe x2  
  102  9:43  Pylon  
  102  9:45  Pylon  
  104  9:46  Pylon  
  104  9:52  Probe  
  105  10:29  High Templar x5  
  105  10:30  High Templar  
  105  10:33  Archon x2  
  105  10:34  Archon  
  117  10:36  Zealot x2  
  121  10:49  Photon Cannon  
  121  10:51  Photon Cannon  
  121  11:04  Nexus  
  121  11:09  Fleet Beacon  
  121  11:15  Pylon  
  121  11:17  High Templar x2  
  121  11:18  Zealot  
  127  11:19  Zealot x5  
  127  11:21  Archon  
Tags
 
Add a new tag
Caveats
  • Supply blocks, unpowered buildings, or Contaminate may cause inaccurate times.
  • Supply counts are checked every 10 seconds.